AoeStats
← Cheonma

Fortress

508894555Analyzed
4v4 RM · 8d ago on Sep 24, 2026· 36m 23s· 8 players
Game mode
Random Map
Map size
Huge
Population
200
Speed
Normal
Resources
Standard
Victory
Conquest
Starting age
Dark Age
Ending age
Imperial Age
RankedLock teamsTeams togetherTeam positionsShared explorationLock speedFull tech treeHidden civsTurbo modeCheats
Victory
Defeat
🇦🇷 Malay · Argentina
1384
+14
🇦🇷 Varangians · Argentina
1339
+16
🇦🇷 Japanese · Argentina
1329
+17
🇦🇷 Turks · Argentina
1257
+19
🇧🇪 Franks · Belgium
1360
-17
🇹🇼 Persians · Taiwan
1355
-17
🇨🇴 Celts · Colombia
1349
-17
🇨🇱 Saracens · Chile
1309
-15
Shisui
1:53 Loom
7:21 Feudal Age
11:19 Castle Age
9:24 Double-Bit Axe
9:43 Horse Collar
12:16 Bow Saw
16:05 Gold Mining
19:51 Imperial Age
18:36 Forging
18:57 Bloodlines
18:56 Husbandry
21:01 Iron Casting
21:24 Scale Barding Armor
24:53 Blast Furnace
24:24 Chain Barding Armor
[MLTS] RKotzen
8:09 Feudal Age
9:27 Double-Bit Axe
9:23 Horse Collar
12:03 Castle Age
11:07 Scale Mail Armor
11:44 Forging
13:09 Bow Saw
20:45 Heavy Plow
20:42 Loom
23:01 Wheelbarrow
29:10 Imperial Age
26:57 Hand Cart
27:27 Gold Mining
30:20 Furor Celtica
30:31 Conscription
jelle.neyt
7:26 Feudal Age
9:45 Loom
12:47 Castle Age
11:10 Double-Bit Axe
15:44 Forging
15:34 Scale Mail Armor
15:44 Squires
20:39 Iron Casting
23:25 Wheelbarrow
23:01 Bow Saw
27:49 Imperial Age
25:40 Hand Cart
25:56 Gold Mining
26:06 Town Watch
27:25 Chain Mail Armor
28:06 Fletching
28:34 Husbandry
29:37 Blast Furnace
28:57 Bodkin Arrow
29:08 Cranequins
野豬騎士來囉
6:53 Feudal Age
10:36 Castle Age
8:40 Double-Bit Axe
9:39 Horse Collar
12:48 Bow Saw
19:05 Heavy Plow
21:14 Wheelbarrow
20:25 Loom
25:21 Imperial Age
23:40 Hand Cart
23:42 Scale Barding Armor
25:51 Chain Barding Armor
25:42 Forging
25:10 Cavalier
26:03 Bloodlines
26:20 Conscription
27:00 Crop Rotation
27:39 Two-Man Saw
27:42 Husbandry
28:28 Plate Barding Armor
28:29 Iron Casting
28:51 Savar
31:51 Kamandaran
32:57 Blast Furnace
RDA | Damiii el TORO
7:50 Feudal Age
12:55 Castle Age
10:44 Double-Bit Axe
12:16 Forging
11:55 Loom
15:45 Squires
15:55 Horse Collar
20:45 Wheelbarrow
20:15 Gold Mining
21:09 Bow Saw
21:21 Town Watch
23:55 Heavy Plow
27:49 Imperial Age
27:11 Iron Casting
27:38 Conscription
26:45 Capped Ram
27:53 Elite Karambit Warrior
30:30 Blast Furnace
29:54 Hand Cart
30:55 Crop Rotation
32:14 Pikeman
32:39 Arson
33:01 Town Patrol
33:15 Fletching
34:03 Gold Shaft Mining
33:19 Halberdier
34:03 Bodkin Arrow
35:48 Sappers
RDA Infernus
7:26 Feudal Age
8:14 Feudal Age
12:15 Castle Age
10:53 Horse Collar
10:59 Double-Bit Axe
14:16 Loom
15:11 Wheelbarrow
17:34 Scale Barding Armor
19:49 Forging
22:59 Chain Barding Armor
27:10 Hand Cart
26:40 Town Watch
28:44 Iron Casting
33:48 Bloodlines
33:39 Husbandry
37:14 Imperial Age
Cheonma
7:32 Feudal Age
11:45 Castle Age
10:36 Double-Bit Axe
10:57 Horse Collar
20:08 Loom
21:06 Heavy Plow
22:18 Wheelbarrow
27:00 Imperial Age
25:14 Town Watch
25:32 Scale Mail Armor
25:44 Forging
26:30 Hand Cart
29:13 Squires
28:33 Pikeman
28:59 Gambesons
30:04 Parthian Tactics
29:00 Heavy Cavalry Archer
30:17 Conscription
31:24 Chemistry
30:49 Ballistics
32:08 Halberdier
33:26 Thumb Ring
34:17 Fletching
34:28 Padded Archer Armor
34:45 Chain Mail Armor
34:51 Bow Saw
36:51 Bodkin Arrow
37:12 Leather Archer Armor
37:33 Iron Casting
37:29 Plate Mail Armor
RDA Lurchoton
8:29 Feudal Age
12:51 Castle Age
10:41 Horse Collar
13:06 Loom
17:23 Imperial Age
14:49 Double-Bit Axe
16:35 Bow Saw
18:13 Gold Mining
21:38 Padded Archer Armor
24:09 Conscription
26:38 Wheelbarrow
32:16 Sipahi
31:59 Artillery
Connection lost

Rejoining the realm…

Still unreachable

The connection could not be restored.

Session expired

The server has moved on; the page needs a fresh start.